Map: Orbital Shipyard

Players

Erakko - Winner!

  • Race: Protoss Protoss
  • League: Diamond

Ƭakeshi

  • Race: Zerg Zerg

VOD

Have the link to the VOD?

Description

Time

  • Played on: Nov. 16, 2015, 11:27 a.m.
  • Length: 8:30
Show
View Real Time Build Order
Export as new Build Order

Erakko Protoss - Winner!

Build Orders: 1 Gate Expand 

Get SALT Encoding   

  12  0:02  Probe (Chrono Boost)  
  13  0:12  Probe (Chrono Boost)  
  14  0:19  Pylon  
  14  0:23  Probe (Chrono Boost)  
  15  0:37  Gateway  
  15  0:39  Probe (Chrono Boost)  
  16  0:48  Assimilator  
  16  0:50  Probe (Chrono Boost)  
  17  1:00  Probe (Chrono Boost)  
  19  1:11  Probe (Chrono Boost)  
  19  1:23  Nexus  
  19  1:36  Cybernetics Core  
  19  1:44  Zealot (Chrono Boost)  
  21  1:50  Pylon  
  21  2:01  Pylon  
  21  2:03  Probe  
  22  2:16  Mothership Core  
  24  2:23  Adept (Chrono Boost)  
  26  2:30  Assimilator  
  25  2:37  Probe  
  25  2:43  Probe  
  26  2:49  Probe  
  26  2:53  Probe  
  27  3:01  Probe, Robotics Facility  
  27  3:04  Probe  
  29  3:07  Adept (Chrono Boost)  
  31  3:13  Probe  
  31  3:15  Probe  
  31  3:18  Pylon  
  33  3:25  Probe  
  33  3:26  Probe  
  37  3:34  Adept (Chrono Boost)  
  37  3:36  Warp Gate  
  37  3:37  Probe x2  
  39  3:47  Probe  
  39  3:48  Warp Prism (Chrono Boost)  
  39  3:49  Probe  
  43  3:58  Probe  
  44  4:03  Probe  
  44  4:04  Twilight Council  
  44  4:08  Probe  
  45  4:14  Adept  
  48  4:23  Gateway x2  
  48  4:27  Probe  
  48  4:29  Probe  
  50  4:38  Pylon  
  50  4:39  Probe  
  50  4:40  Probe  
  50  4:44  Blink (Chrono Boost)  
  52  4:47  Adept  
  52  4:51  Probe x2, Pylon  
  56  4:53  Pylon  
  56  5:03  Probe  
  57  5:12  Probe  
  58  5:15  Probe  
  59  5:26  Gateway  
  59  5:29  Probe, Gateway  
  59  5:30  Probe  
  59  5:31  Gateway  
  61  5:39  Adept x3  
  61  5:41  Probe  
  68  5:43  Probe  
  69  5:53  Probe  
  69  5:55  Probe  
  67  6:05  Probe  
  67  6:08  Stalker x3  
  74  6:11  Probe  
  74  6:16  Assimilator  
  75  6:20  Assimilator  
  75  6:30  Probe  
  76  6:35  Pylon  
  76  6:36  Pylon  
  76  6:40  Stalker  
  76  6:44  Nexus  
  78  6:47  Pylon  
  78  6:48  Immortal, Pylon  
  78  6:50  Pylon  
  82  6:57  Stalker x5  
  92  7:06  Gateway, Probe x2  
  94  7:09  Gateway  
  94  7:18  Pylon  
  94  7:19  Pylon  
  94  7:20  Pylon  
  93  7:26  Pylon  
  93  7:37  Adept x3  
  99  7:45  Stalker x3  
  99  7:49  Probe x2  
  107  8:02  Stalker x3  
  101  8:12  Stalker  
  101  8:13  Stalker x4  
Show
View Real Time Build Order
Export as new Build Order

Ƭakeshi Zerg 

Build Orders: Pool First 

Get SALT Encoding   

  12  0:01  Drone  
  13  0:09  Drone  
  13  0:12  Extractor  
  13  0:16  Drone  
  14  0:33  Spawning Pool  
  13  0:37  Drone  
  14  0:47  Overlord  
  14  1:19  Zergling x2  
  14  1:20  Metabolic Boost, Zergling x4  
  14  1:23  Queen  
  19  1:31  Zergling x2  
  20  1:42  Zergling x2  
  21  1:56  Zergling x2  
  21  2:00  Hatchery  
  21  2:05  Zergling x2  
  17  2:53  Zergling x6  
  20  3:06  Hatchery  
  20  3:09  Drone  
  20  3:18  Drone  
  21  3:20  Hatchery  
  20  3:27  Drone x3  
  20  3:33  Drone  
  24  3:35  Drone  
  25  3:49  Drone  
  25  3:52  Queen  
  28  4:03  Overlord  
  28  4:06  Evolution Chamber  
  28  4:09  Extractor  
  26  4:14  Drone x2  
  28  4:19  Drone x2  
  31  4:24  Drone  
  31  4:28  Drone  
  32  4:33  Drone  
  32  4:37  Zerg Melee Weapons Level 1  
  34  4:45  Drone x2  
  34  4:49  Drone  
  34  4:51  Drone  
  37  5:04  Zergling x6  
  37  5:06  Queen  
  35  5:17  Zergling x6  
  34  5:27  Zergling x4  
  35  5:34  Zergling x2  
  36  5:39  Drone x2  
  35  5:50  Queen, Zergling x2  
  32  6:00  Zergling x4  
  32  6:04  Zergling x4  
  33  6:12  Drone  
  33  6:15  Spine Crawler  
  33  6:20  Drone x2  
  33  6:24  Drone  
  36  6:31  Drone  
  36  6:32  Drone  
  36  6:42  Drone x2  
  36  6:44  Drone  
  39  6:50  Drone  
  39  6:51  Drone  
  41  6:55  Drone  
  41  6:57  Drone  
  43  7:03  Zergling x4  
  43  7:06  Drone  
  46  7:09  Drone  
  47  7:21  Overlord x2  
  47  7:33  Overlord  
  45  7:46  Zergling x6  
  45  7:47  Zergling x4  
  45  7:49  Zergling x4  
  49  7:52  Zergling x2  
  49  7:53  Zergling x12  
  51  8:11  Zergling x2  
  51  8:12  Zergling x2  
  42  8:16  Drone x2  
Tags
 
Add a new tag
Caveats
  • Supply blocks, unpowered buildings, or Contaminate may cause inaccurate times.
  • Supply counts are checked every 10 seconds.